Bruins vs Blues
(R1)
Created - 15 octobre 2014 at 23:45
Goals
|
| Bruins |
2 |
2 |
1 |
0 |
1 |
5 |
| Blues |
3 |
1 |
1 |
0 |
2 |
6 |
|
Shots
|
| Bruins |
5 |
13 |
12 |
2 |
4 |
32 |
| Blues |
12 |
12 |
7 |
4 |
4 |
35 |
|
1st period
1. Bruins , Viktor Stalberg 2 (Wojtek Wolski, Jeff Carter) at 5:40
2. Blues , Marian Hossa 7 (Travis Zajac, Kevin Shattenkirk) at 5:52
3. Blues , Mikael Samuelsson 1 (Drew Fata) at 6:45
4. Bruins , Wojtek Wolski 6 (Vitali Yachmenev, Dave Bolland) at 9:11 (PP)
5. Blues , Andrew Cogliano 2 (Marcel Hossa, Sergei Shirokov) at 17:22
Penalties :
Erik Rasmussen (STL) for High sticking (Minor) at 1:15, Wojtek Wolski (Bos) for Holding (Minor) at 6:48, Andrew Cogliano (STL) for Interference (Minor) at 8:58, Vitali Yachmenev (Bos) for Hooking (Minor) at 11:13, Victor Oreskovich (Bos) for High sticking (Minor) at 19:13
2nd period
6. Blues , Marcel Hossa 4 (Sergei Shirokov) at 8:32
7. Bruins , Viktor Stalberg 3 (Dave Bolland, Victor Oreskovich) at 10:40
8. Bruins , Scott Hartnell 8 (Matt Hendricks, Dainius Zubrus) at 15:31
Penalties :
Brian Lee (STL) for Tripping (Minor) at 10:48, Michael Frolik (STL) for High sticking (Minor) at 15:48, Sergei Shirokov (STL) for Interference (Minor) at 16:11
3rd period
9. Blues , Marian Hossa 8 (Dan Boyle, Nik Antropov) at 3:41 (PP)
10. Bruins , Vitali Yachmenev 3 (Dave Bolland, Wojtek Wolski) at 14:35 (PP)
Penalties :
Jason Demers (Bos) for Roughing (Minor) at 0:36, Jeff Carter (Bos) for Tripping (Minor) at 3:15, Paul Kariya (STL) for Roughing (Minor) at 5:04, Dan Boyle (STL) for Hooking (Minor) at 9:05, Paul Kariya (STL) for High sticking (Minor) at 14:06, Marcel Hossa (STL) for Hooking (Minor) at 17:26, Dainius Zubrus (Bos) for Hooking (Minor) at 19:41
Overtime #1
No Goal
Penalties :
No Penalty
Shootout
Penalty Shot by Matt Hendricks for Bruins - Stopped by Tuukka Rask
Penalty Shot by David Perron for Blues - Shot Misses the Net
Penalty Shot by Wojtek Wolski for Bruins - Goal!
Penalty Shot by Michael Frolik for Blues - Goal!
Penalty Shot by Viktor Stalberg for Bruins - Stopped by Tuukka Rask
Penalty Shot by Marian Hossa for Blues - Stopped by Evgeni Nabokov
Penalty Shot by Jeff Carter for Bruins - Stopped by Tuukka Rask
Penalty Shot by Nik Antropov for Blues - Goal!
Penalties :
No Penalty
Goalie Stats
Evgeni Nabokov (Bos), 30 saves from 35 shots - (0,857), OTL, 5-2-1, 65:00 minutes
Tuukka Rask (STL), 27 saves from 32 shots - (0,844), W, 6-2-1, 65:00 minutes
Players Stats for Bruins
Player Name G A P +/- PIM S H SB GA TA FO MP PP MP PK MP
------------------------------------------------------------------------------------
Andrew Alberts 0 0 0 -1 0 2 1 1 1 0 0/0 32:56 9:07 5:59
Christoph Schubert 0 0 0 -1 0 0 0 2 0 0 0/1 18:17 3:38 0:59
Dainius Zubrus 0 1 1 1 2 3 0 0 0 0 0/0 7:54 0:00 0:00
Dave Bolland 0 3 3 1 0 2 2 0 0 1 14/27 23:24 7:23 3:46
Éric Perrin 0 0 0 0 0 0 0 0 0 0 0/4 7:17 0:00 0:33
Jason Demers 0 0 0 0 2 3 1 2 0 2 0/0 28:13 8:00 3:23
Jeff Carter 0 1 1 -2 2 1 2 0 0 1 14/24 20:10 5:31 0:00
Mark Stuart 0 0 0 0 0 2 1 0 0 1 0/0 22:39 0:00 5:59
Matt Cooke 0 0 0 0 0 1 3 1 0 0 0/0 9:40 0:00 2:01
Matt Hendricks 0 1 1 1 0 2 2 0 0 0 8/14 14:53 0:00 6:04
Richard Zednik 0 0 0 0 0 0 2 0 0 0 0/0 5:58 0:00 0:00
Ryan O'Byrne 0 0 0 -1 0 0 0 0 0 0 0/0 23:38 3:52 4:22
Scott Hartnell 1 0 1 1 0 3 2 1 0 0 0/0 13:49 5:31 0:34
Victor Oreskovich 0 1 1 1 2 1 2 0 0 0 0/0 16:31 5:31 0:00
Viktor Stalberg 2 0 2 1 0 3 0 0 1 0 0/0 10:43 0:06 0:00
Vitali Yachmenev 1 1 2 -3 2 4 1 2 0 0 1/1 22:26 7:27 1:26
Wojtek Wolski 1 2 3 -3 2 5 4 0 1 0 3/3 27:25 7:28 4:37
Zdeno Chara 0 0 0 0 0 0 0 1 1 0 0/0 3:40 1:21 0:00
Players Stats for Blues
Player Name G A P +/- PIM S H SB GA TA FO MP PP MP PK MP
------------------------------------------------------------------------------------
Andrew Cogliano 1 0 1 1 2 2 0 1 0 1 4/6 13:02 0:20 2:56
Brian Lee 0 0 0 0 2 3 0 0 0 1 0/0 25:20 3:29 5:45
Bryce Lampman 0 0 0 0 0 0 2 1 0 2 0/0 25:51 0:00 8:21
Dan Boyle 0 1 1 -1 2 0 4 0 0 0 0/0 24:00 5:11 0:25
David Perron 0 0 0 -1 0 2 1 0 1 0 0/2 16:54 3:45 2:10
Drew Fata 0 1 1 2 0 0 1 1 0 0 0/0 14:02 0:00 4:38
Erik Rasmussen 0 0 0 1 2 0 1 1 0 0 1/1 6:25 0:00 0:00
Joe Corvo 0 0 0 -1 0 1 4 1 0 0 0/0 25:40 5:11 4:13
Kevin Shattenkirk 0 1 1 2 0 2 0 0 0 0 0/0 15:29 3:29 2:36
Marcel Hossa 1 1 2 1 2 3 0 1 0 0 0/1 7:40 0:00 0:00
Marian Hossa 2 0 2 0 0 5 0 0 0 0 3/4 23:22 4:40 2:56
Michael Frolik 0 0 0 -1 2 0 0 0 1 0 0/0 15:55 3:45 2:33
Mikael Samuelsson 1 0 1 1 0 1 0 0 0 0 0/0 6:16 0:15 0:00
Nigel Dawes 0 0 0 1 0 0 0 0 0 0 0/0 6:33 0:00 0:00
Nik Antropov 0 1 1 -1 0 3 1 1 0 0 16/34 23:13 4:50 7:25
Paul Kariya 0 0 0 0 4 5 1 0 2 0 1/1 21:04 4:40 0:21
Sergei Shirokov 0 2 2 1 2 4 2 0 0 0 0/0 14:36 0:00 6:00
Travis Zajac 0 1 1 0 0 4 1 0 1 0 9/25 19:54 3:45 0:00
3 Stars
1 - Viktor Stalberg (Bos)
2 - Marian Hossa (STL)
3 - Dave Bolland (Bos)
Power Play
Bruins - 2 on 9 Attempt(s) - 22,22%
Blues - 1 on 6 Attempt(s) - 16,67%
Penalty Kill
Bruins - 5 on 6 Attempt(s) - 83,33%
- Score 0 goal in Penalty Kill
Blues - 7 on 9 Attempt(s) - 77,78%
- Score 0 goal in Penalty Kill
Official
Referees : Rooney Chris and StPierre Justin
Linesman : Tim Nowak and Shane Heyer
Game Notes
Zdeno Chara is injured at 9:56 of 1st period (Bruised Right Leg)
Finance
Level 1 -- Attendance: 6000 (100,00%) -- Ticket Income 504 000 $
Level 2 -- Attendance: 5000 (100,00%) -- Ticket Income 260 000 $
Level 3 -- Attendance: 1919 (95,95%) -- Ticket Income 57 570 $
Level 4 -- Attendance: 3678 (91,95%) -- Ticket Income 69 882 $
Luxury Box -- Attendance: 921 (92,10%) -- Ticket Income 155 649 $
Game was played at the Scotttrade center
Total Attendance: 17518 (97,32%)
Total Ticket Income: 1 047 101 $
Other Income: 157 065 $
Total Income: 1 204 166 $
Bruins
5 vs 5 Forward
Center Left Wing Right Wing Time % Phy DF OF
1 Jeff Carter Wojtek Wolski Vitali Yachmenev 40 0 2 3
2 Dave Bolland Viktor Stalberg Victor Oreskovich 30 0 2 3
3 Matt Hendricks Scott Hartnell Dainius Zubrus 20 1 2 2
4 Éric Perrin Matt Cooke Richard Zednik 10 1 2 2
5 vs 5 Defense
Defense Defense Time % Phy DF OF
1 Andrew Alberts Zdeno Chara 40 1 2 2
2 Ryan O'Byrne Mark Stuart 30 1 2 2
3 Jason Demers Christoph Schubert 20 1 2 2
4 Andrew Alberts Jason Demers 10 1 2 2
PowerPlay Forward
Center Left Wing Right Wing Time % Phy DF OF
1 Dave Bolland Wojtek Wolski Vitali Yachmenev 60 0 2 3
2 Jeff Carter Scott Hartnell Victor Oreskovich 40 0 2 3
PowerPlay Defense
Defense Defense Time % Phy DF OF
1 Andrew Alberts Zdeno Chara 60 0 2 3
2 Ryan O'Byrne Jason Demers 40 0 2 3
Penalty Kill 4 Players Forward
Center Wing Time % Phy DF OF
1 Matt Hendricks Wojtek Wolski 60 1 2 2
2 Dave Bolland Vitali Yachmenev 40 1 2 2
Penalty Kill 4 Players Defense
Defense Defense Time % Phy DF OF
1 Andrew Alberts Mark Stuart 60 1 2 2
2 Ryan O'Byrne Jason Demers 40 1 2 2
Penalty Kill - 3 Players Forward
Forward Time % Phy DF OF
1 Matt Hendricks 60 1 2 2
2 Wojtek Wolski 40 1 2 2
Penalty Kill - 3 Players Defense
Defense Defense Time % Phy DF OF
1 Andrew Alberts Mark Stuart 60 1 2 2
2 Ryan O'Byrne Jason Demers 40 1 2 2
4 vs 4 Forward
Center Wing Time % Phy DF OF
1 Dave Bolland Wojtek Wolski 60 1 2 2
2 Jeff Carter Scott Hartnell 40 1 2 2
4 vs 4 Defense
Defense Defense Time % Phy DF OF
1 Andrew Alberts Zdeno Chara 60 1 2 2
2 Ryan O'Byrne Mark Stuart 40 1 2 2
Last Minutes Offensive
Center Left Wing Right Wing Defense Defense
Jeff Carter Wojtek Wolski Vitali Yachmenev Andrew Alberts Zdeno Chara
Last Minutes Defensive
Center Left Wing Right Wing Defense Defense
Dave Bolland Wojtek Wolski Vitali Yachmenev Andrew Alberts Zdeno Chara
Goaltenders
Starting : Evgeni Nabokov
Backup : Karri Ramo
Extra Forwards
Normal : Jeff Carter, Wojtek Wolski, Matt Hendricks - PP : Viktor Stalberg, Victor Oreskovich - PK : Dave Bolland
Extra Defensemen
Normal : Jason Demers, Christoph Schubert, Ryan O'Byrne - PP : Jason Demers - PK : Christoph Schubert, Ryan O'Byrne
Penalty Shots
Matt Hendricks, Wojtek Wolski, Viktor Stalberg, Jeff Carter, Scott Hartnell
Blues
5 vs 5 Forward
Center Left Wing Right Wing Time % Phy DF OF
1 Travis Zajac Paul Kariya Marian Hossa 40 1 2 2
2 Nik Antropov David Perron Michael Frolik 30 1 2 2
3 Andrew Cogliano Marcel Hossa Sergei Shirokov 20 1 2 2
4 Erik Rasmussen Nigel Dawes Mikael Samuelsson 10 1 2 2
5 vs 5 Defense
Defense Defense Time % Phy DF OF
1 Dan Boyle Bryce Lampman 40 1 2 2
2 Joe Corvo Brian Lee 30 1 2 2
3 Drew Fata Kevin Shattenkirk 20 1 2 2
4 Dan Boyle Joe Corvo 10 1 2 2
PowerPlay Forward
Center Left Wing Right Wing Time % Phy DF OF
1 Nik Antropov Paul Kariya Marian Hossa 60 1 2 2
2 Travis Zajac David Perron Michael Frolik 40 1 2 2
PowerPlay Defense
Defense Defense Time % Phy DF OF
1 Dan Boyle Joe Corvo 60 1 2 2
2 Brian Lee Kevin Shattenkirk 40 1 2 2
Penalty Kill 4 Players Forward
Center Wing Time % Phy DF OF
1 Nik Antropov Sergei Shirokov 60 1 2 2
2 Andrew Cogliano Marian Hossa 40 1 2 2
Penalty Kill 4 Players Defense
Defense Defense Time % Phy DF OF
1 Bryce Lampman Brian Lee 60 1 2 2
2 Drew Fata Joe Corvo 40 1 2 2
Penalty Kill - 3 Players Forward
Forward Time % Phy DF OF
1 Nik Antropov 60 1 2 2
2 Paul Kariya 40 1 2 2
Penalty Kill - 3 Players Defense
Defense Defense Time % Phy DF OF
1 Bryce Lampman Kevin Shattenkirk 60 1 2 2
2 Dan Boyle Drew Fata 40 1 2 2
4 vs 4 Forward
Center Wing Time % Phy DF OF
1 Travis Zajac Paul Kariya 60 1 2 2
2 Nik Antropov Marian Hossa 40 1 2 2
4 vs 4 Defense
Defense Defense Time % Phy DF OF
1 Dan Boyle Bryce Lampman 60 1 2 2
2 Brian Lee Joe Corvo 40 1 2 2
Last Minutes Offensive
Center Left Wing Right Wing Defense Defense
Nik Antropov Paul Kariya Marian Hossa Dan Boyle Brian Lee
Last Minutes Defensive
Center Left Wing Right Wing Defense Defense
Nik Antropov Paul Kariya Marian Hossa Drew Fata Bryce Lampman
Goaltenders
Starting : Tuukka Rask
Backup : Cory Schneider
Extra Forwards
Normal : Andrew Cogliano, David Perron, Nigel Dawes - PP : Andrew Cogliano, David Perron - PK : Michael Frolik
Extra Defensemen
Normal : Brian Lee, Kevin Shattenkirk, Bryce Lampman - PP : Brian Lee - PK : Kevin Shattenkirk, Bryce Lampman
Penalty Shots
David Perron, Michael Frolik, Marian Hossa, Nik Antropov, Paul Kariya
% Time on Ice - Bruins
Lines # - Real PCT - Wanted PCT - Time Play
Normal Forward
1 - 37% - 40% - 14:09
2 - 28% - 30% - 10:48
3 - 19% - 20% - 7:26
4 - 16% - 10% - 5:58
Normal Defense
1 - 48% - 40% - 18:23
2 - 35% - 30% - 13:21
3 - 14% - 20% - 5:29
4 - 3% - 10% - 1:08
PP Forward
1 - 58% - 60% - 7:28
2 - 42% - 40% - 5:31
PP Defense
1 - 70% - 60% - 9:07
2 - 30% - 40% - 3:52
PK Forward
1 - 71% - 60% - 6:11
2 - 29% - 40% - 2:29
PK Defense
1 - 58% - 60% - 5:00
2 - 42% - 40% - 3:40
PK3 Forward
1 - 77% - 60% - 1:18
2 - 23% - 40% - 0:23
PK3 Defense
1 - 58% - 60% - 0:59
2 - 42% - 40% - 0:42
44 Forward
1 - 88% - 60% - 2:56
2 - 12% - 40% - 0:23
44 Defense
1 - 86% - 60% - 2:52
2 - 14% - 40% - 0:27
Last Minute Offensive - 0:00
Last Minute Defensive - 0:00
Total
Forward - 65:00
Defense - 65:00
|
% Time on Ice - Blues
Lines # - Real PCT - Wanted PCT - Time Play
Normal Forward
1 - 39% - 40% - 15:03
2 - 25% - 30% - 9:36
3 - 20% - 20% - 7:41
4 - 16% - 10% - 6:01
Normal Defense
1 - 43% - 40% - 16:22
2 - 34% - 30% - 12:53
3 - 19% - 20% - 7:11
4 - 5% - 10% - 1:55
PP Forward
1 - 57% - 60% - 4:55
2 - 43% - 40% - 3:45
PP Defense
1 - 60% - 60% - 5:11
2 - 40% - 40% - 3:29
PK Forward
1 - 74% - 60% - 8:24
2 - 26% - 40% - 2:59
PK Defense
1 - 63% - 60% - 7:07
2 - 37% - 40% - 4:16
PK3 Forward
1 - 81% - 60% - 1:18
2 - 19% - 40% - 0:18
PK3 Defense
1 - 77% - 60% - 1:14
2 - 23% - 40% - 0:22
44 Forward
1 - 69% - 60% - 3:26
2 - 31% - 40% - 1:34
44 Defense
1 - 59% - 60% - 2:56
2 - 41% - 40% - 2:04
Last Minute Offensive - 0:00
Last Minute Defensive - 0:00
Total
Forward - 65:00
Defense - 65:00
|
Play by Play
1st period
0:01 of 1st period - Jeff Carter wins face-off versus Travis Zajac in neutral zone.
0:53 of 1st period - Slapshot by Brian Lee.
0:53 of 1st period - Stopped by Evgeni Nabokov without a rebound.
0:54 of 1st period - Erik Rasmussen wins face-off versus Éric Perrin in Bruins zone.
1:15 of 1st period - Minor Penalty to Erik Rasmussen for High sticking.
1:16 of 1st period - Nik Antropov wins face-off versus Dave Bolland in Blues zone.
1:27 of 1st period - Brian Lee is hit by Andrew Alberts and loses puck.
3:15 of 1st period - Penalty to Erik Rasmussen is over, Erik Rasmussen is back on ice.
5:36 of 1st period - Icing by Joe Corvo.
5:37 of 1st period - Jeff Carter wins face-off versus David Perron in Blues zone.
5:38 of 1st period - Wrist shot by Wojtek Wolski.
5:38 of 1st period - Shot Blocked by Nik Antropov.
5:40 of 1st period - Wrist shot by Viktor Stalberg.
5:40 of 1st period - Goal by Viktor Stalberg - Bruins : 1 - Blues : 0.
5:41 of 1st period - Wojtek Wolski wins face-off versus Travis Zajac in neutral zone.
5:44 of 1st period - Wrist shot by Wojtek Wolski.
5:44 of 1st period - Stopped by Tuukka Rask with a rebound.
5:52 of 1st period - Snap shot by Marian Hossa.
5:52 of 1st period - Goal by Marian Hossa - Bruins : 1 - Blues : 1.
5:53 of 1st period - Jeff Carter wins face-off versus Marcel Hossa in neutral zone.
6:06 of 1st period - Andrew Cogliano is hit by Wojtek Wolski and loses puck.
6:19 of 1st period - Andrew Alberts is hit by Joe Corvo and loses puck.
6:45 of 1st period - Snap shot by Mikael Samuelsson.
6:45 of 1st period - Goal by Mikael Samuelsson - Bruins : 1 - Blues : 2.
6:46 of 1st period - Wojtek Wolski wins face-off versus Travis Zajac in neutral zone.
6:48 of 1st period - Minor Penalty to Wojtek Wolski for Holding.
6:49 of 1st period - Matt Hendricks wins face-off versus Nik Antropov in Bruins zone.
6:57 of 1st period - Wrist shot by Nik Antropov.
6:57 of 1st period - Shot Misses the Net.
6:59 of 1st period - Snap shot by Paul Kariya.
6:59 of 1st period - Shot Misses the Net.
7:01 of 1st period - Slapshot by Joe Corvo.
7:01 of 1st period - Shot Misses the Net.
7:03 of 1st period - Slapshot by Joe Corvo.
7:03 of 1st period - Stopped by Evgeni Nabokov with a rebound.
8:48 of 1st period - Penalty to Wojtek Wolski is over, Wojtek Wolski is back on ice.
8:58 of 1st period - Minor Penalty to Andrew Cogliano for Interference.
8:59 of 1st period - Dave Bolland wins face-off versus Nik Antropov in Blues zone.
9:11 of 1st period - Wrist shot by Wojtek Wolski.
9:11 of 1st period - Goal by Wojtek Wolski - Bruins : 2 - Blues : 2.
9:12 of 1st period - Travis Zajac wins face-off versus Jeff Carter in neutral zone.
9:23 of 1st period - Slapshot by Travis Zajac.
9:23 of 1st period - Shot Blocked by Vitali Yachmenev.
9:36 of 1st period - Icing by Zdeno Chara.
9:37 of 1st period - Dave Bolland wins face-off versus David Perron in Bruins zone.
9:37 of 1st period - Dave Bolland is hit by Nik Antropov.
9:42 of 1st period - Off-side.
9:43 of 1st period - Nik Antropov wins face-off versus Dave Bolland in neutral zone.
9:52 of 1st period - Snap shot by David Perron.
9:52 of 1st period - Stopped by Evgeni Nabokov with a rebound.
9:54 of 1st period - Wrist shot by Nik Antropov.
9:54 of 1st period - Shot Misses the Net.
9:56 of 1st period - Wrist shot by Michael Frolik.
9:56 of 1st period - Deflect By Nik Antropov.
9:56 of 1st period - Shot Blocked by Zdeno Chara.
9:56 of 1st period - Zdeno Chara from Bruins is injured at 9:56 of 1st period (Bruised Right Leg).
9:57 of 1st period - Travis Zajac wins face-off versus Jeff Carter in Bruins zone.
10:44 of 1st period - Paul Kariya is hit by Richard Zednik and loses puck.
10:53 of 1st period - Slapshot by Andrew Alberts.
10:53 of 1st period - Stopped by Tuukka Rask without a rebound.
10:54 of 1st period - Nik Antropov wins face-off versus Jeff Carter in Blues zone.
10:54 of 1st period - Nik Antropov is hit by Wojtek Wolski.
11:13 of 1st period - Minor Penalty to Vitali Yachmenev for Hooking.
11:14 of 1st period - Matt Hendricks wins face-off versus Marian Hossa in Bruins zone.
11:33 of 1st period - Mark Stuart is hit by Joe Corvo and loses puck.
13:01 of 1st period - Michael Frolik is hit by Dave Bolland and loses puck.
13:13 of 1st period - Penalty to Vitali Yachmenev is over, Vitali Yachmenev is back on ice.
13:32 of 1st period - Joe Corvo is hit by Matt Hendricks and loses puck.
13:45 of 1st period - Joe Corvo is hit by Jeff Carter and loses puck.
13:58 of 1st period - Drew Fata is hit by Richard Zednik and loses puck.
14:36 of 1st period - Michael Frolik is hit by Matt Cooke and loses puck.
14:47 of 1st period - Joe Corvo is hit by Matt Hendricks and loses puck.
15:05 of 1st period - Slapshot by Sergei Shirokov.
15:05 of 1st period - Shot Misses the Net.
15:17 of 1st period - Bryce Lampman is hit by Victor Oreskovich and loses puck.
15:30 of 1st period - Richard Zednik is hit by Drew Fata and loses puck.
15:47 of 1st period - Scott Hartnell is hit by Dan Boyle and loses puck.
16:14 of 1st period - Jeff Carter is hit by Paul Kariya and loses puck.
16:49 of 1st period - Drew Fata is hit by Scott Hartnell and loses puck.
17:12 of 1st period - Wrist shot by Sergei Shirokov.
17:12 of 1st period - Stopped by Evgeni Nabokov without a rebound.
17:13 of 1st period - Andrew Cogliano wins face-off versus Christoph Schubert in Bruins zone.
17:18 of 1st period - Wrist shot by Andrew Cogliano.
17:18 of 1st period - Stopped by Evgeni Nabokov with a rebound.
17:20 of 1st period - Wrist shot by Marcel Hossa.
17:20 of 1st period - Stopped by Evgeni Nabokov with a rebound.
17:22 of 1st period - Snap shot by Andrew Cogliano.
17:22 of 1st period - Goal by Andrew Cogliano - Bruins : 2 - Blues : 3.
17:23 of 1st period - Jeff Carter wins face-off versus Travis Zajac in neutral zone.
17:36 of 1st period - Off-side.
17:37 of 1st period - Marian Hossa wins face-off versus Jeff Carter in neutral zone.
17:44 of 1st period - Wrist shot by Marian Hossa.
17:44 of 1st period - Shot Misses the Net.
17:46 of 1st period - Wrist shot by Paul Kariya.
17:46 of 1st period - Stopped by Evgeni Nabokov with a rebound.
17:48 of 1st period - Slapshot by Brian Lee.
17:48 of 1st period - Stopped by Evgeni Nabokov with a rebound.
17:50 of 1st period - Snap shot by Marian Hossa.
17:50 of 1st period - Shot Misses the Net.
17:52 of 1st period - Slapshot by Brian Lee.
17:52 of 1st period - Stopped by Evgeni Nabokov without a rebound.
17:53 of 1st period - Dave Bolland wins face-off versus Nik Antropov in Bruins zone.
17:57 of 1st period - Off-side.
17:58 of 1st period - Nik Antropov wins face-off versus Dave Bolland in neutral zone.
18:05 of 1st period - Slapshot by David Perron.
18:05 of 1st period - Deflect By Viktor Stalberg.
18:05 of 1st period - Shot Misses the Net.
18:05 of 1st period - Puck is out of play.
18:06 of 1st period - Travis Zajac wins face-off versus Jeff Carter in Bruins zone.
18:31 of 1st period - Travis Zajac is hit by Scott Hartnell and loses puck.
18:42 of 1st period - Wrist shot by Scott Hartnell.
18:42 of 1st period - Deflect By Dainius Zubrus.
18:42 of 1st period - Stopped by Tuukka Rask with a rebound.
18:44 of 1st period - Slapshot by Jason Demers.
18:44 of 1st period - Shot Misses the Net.
18:54 of 1st period - Victor Oreskovich is hit by Bryce Lampman and loses puck.
19:13 of 1st period - Minor Penalty to Victor Oreskovich for High sticking.
19:14 of 1st period - Matt Hendricks wins face-off versus Nik Antropov in Bruins zone.
Goals for this period are 2 for Bruins vs 3 for Blues.
Shots for this period are 5 for Bruins vs 12 for Blues.
2nd period
0:01 of 2nd period - Matt Hendricks wins face-off versus Nik Antropov in neutral zone.
0:04 of 2nd period - Marian Hossa is hit by Wojtek Wolski and loses puck.
0:32 of 2nd period - Snap shot by Paul Kariya.
0:32 of 2nd period - Deflect By Marian Hossa.
0:32 of 2nd period - Shot Misses the Net.
0:32 of 2nd period - Puck is out of play.
0:33 of 2nd period - Dave Bolland wins face-off versus Travis Zajac in Bruins zone.
0:50 of 2nd period - Slapshot by Travis Zajac.
0:50 of 2nd period - Stopped by Evgeni Nabokov without a rebound.
0:51 of 2nd period - Matt Hendricks wins face-off versus Nik Antropov in Bruins zone.
1:13 of 2nd period - Penalty to Victor Oreskovich is over, Victor Oreskovich is back on ice.
1:18 of 2nd period - Victor Oreskovich is hit by Travis Zajac and loses puck.
1:38 of 2nd period - Wrist shot by Andrew Cogliano.
1:38 of 2nd period - Deflect By Marcel Hossa.
1:38 of 2nd period - Stopped by Evgeni Nabokov with a rebound.
2:18 of 2nd period - Icing by Paul Kariya.
2:19 of 2nd period - Vitali Yachmenev wins face-off versus Travis Zajac in Blues zone.
2:30 of 2nd period - Snap shot by Jeff Carter.
2:30 of 2nd period - Stopped by Tuukka Rask with a rebound.
2:38 of 2nd period - Slapshot by Brian Lee.
2:38 of 2nd period - Shot Misses the Net.
2:40 of 2nd period - Snap shot by Marian Hossa.
2:40 of 2nd period - Shot Misses the Net.
2:42 of 2nd period - Snap shot by Travis Zajac.
2:42 of 2nd period - Stopped by Evgeni Nabokov with a rebound.
2:44 of 2nd period - Slapshot by Joe Corvo.
2:44 of 2nd period - Deflect By Travis Zajac.
2:44 of 2nd period - Stopped by Evgeni Nabokov without a rebound.
2:45 of 2nd period - Nik Antropov wins face-off versus Dave Bolland in Bruins zone.
2:50 of 2nd period - Wrist shot by David Perron.
2:50 of 2nd period - Shot Blocked by Christoph Schubert.
3:10 of 2nd period - Christoph Schubert is hit by Dan Boyle and loses puck.
3:31 of 2nd period - Wrist shot by Marian Hossa.
3:31 of 2nd period - Shot Blocked by Jason Demers.
3:33 of 2nd period - Snap shot by Joe Corvo.
3:33 of 2nd period - Deflect By Paul Kariya.
3:33 of 2nd period - Stopped by Evgeni Nabokov without a rebound.
3:34 of 2nd period - Nik Antropov wins face-off versus Matt Hendricks in Bruins zone.
5:04 of 2nd period - Erik Rasmussen is hit by Matt Cooke.
5:26 of 2nd period - Erik Rasmussen is hit by Vitali Yachmenev and loses puck.
5:31 of 2nd period - Wrist shot by Jeff Carter.
5:31 of 2nd period - Shot Blocked by Erik Rasmussen.
5:33 of 2nd period - Snap shot by Jeff Carter.
5:33 of 2nd period - Deflect By Wojtek Wolski.
5:33 of 2nd period - Stopped by Tuukka Rask without a rebound.
5:34 of 2nd period - Dave Bolland wins face-off versus Travis Zajac in Blues zone.
6:43 of 2nd period - Wrist shot by Paul Kariya.
6:43 of 2nd period - Shot Misses the Net.
6:45 of 2nd period - Slapshot by Joe Corvo.
6:45 of 2nd period - Shot Blocked by Christoph Schubert.
6:47 of 2nd period - Snap shot by Paul Kariya.
6:47 of 2nd period - Shot Blocked by Scott Hartnell.
6:49 of 2nd period - Wrist shot by Paul Kariya.
6:49 of 2nd period - Shot Misses the Net.
7:07 of 2nd period - Wrist shot by Viktor Stalberg.
7:07 of 2nd period - Shot Misses the Net.
7:09 of 2nd period - Slapshot by Jason Demers.
7:09 of 2nd period - Stopped by Tuukka Rask without a rebound.
7:10 of 2nd period - Jeff Carter wins face-off versus Travis Zajac in Blues zone.
7:39 of 2nd period - Icing by David Perron.
7:40 of 2nd period - Nik Antropov wins face-off versus Éric Perrin in Blues zone.
7:59 of 2nd period - Snap shot by Nik Antropov.
7:59 of 2nd period - Stopped by Evgeni Nabokov without a rebound.
8:00 of 2nd period - Travis Zajac wins face-off versus Jeff Carter in Bruins zone.
8:03 of 2nd period - Snap shot by Marian Hossa.
8:03 of 2nd period - Stopped by Evgeni Nabokov with a rebound.
8:27 of 2nd period - Vitali Yachmenev is hit by Sergei Shirokov and loses puck.
8:32 of 2nd period - Snap shot by Marcel Hossa.
8:32 of 2nd period - Goal by Marcel Hossa - Bruins : 2 - Blues : 4.
8:33 of 2nd period - Travis Zajac wins face-off versus Dave Bolland in neutral zone.
9:00 of 2nd period - Wojtek Wolski is hit by Dan Boyle and loses puck.
9:05 of 2nd period - Snap shot by David Perron.
9:05 of 2nd period - Stopped by Evgeni Nabokov with a rebound.
9:13 of 2nd period - Snap shot by Michael Frolik.
9:13 of 2nd period - Shot Blocked by Andrew Alberts.
9:27 of 2nd period - Slapshot by Dainius Zubrus.
9:27 of 2nd period - Stopped by Tuukka Rask with a rebound.
9:29 of 2nd period - Slapshot by Mark Stuart.
9:29 of 2nd period - Stopped by Tuukka Rask with a rebound.
9:31 of 2nd period - Wrist shot by Scott Hartnell.
9:31 of 2nd period - Stopped by Tuukka Rask without a rebound.
9:32 of 2nd period - Travis Zajac wins face-off versus Dave Bolland in Blues zone.
9:32 of 2nd period - Travis Zajac is hit by Dave Bolland.
10:26 of 2nd period - Snap shot by Viktor Stalberg.
10:26 of 2nd period - Shot Blocked by Marcel Hossa.
10:28 of 2nd period - Slapshot by Ryan O'Byrne.
10:28 of 2nd period - Shot Misses the Net.
10:30 of 2nd period - Snap shot by Ryan O'Byrne.
10:30 of 2nd period - Deflect By Dave Bolland.
10:30 of 2nd period - Stopped by Tuukka Rask with a rebound.
10:32 of 2nd period - Slapshot by Mark Stuart.
10:32 of 2nd period - Stopped by Tuukka Rask with a rebound.
10:34 of 2nd period - Wrist shot by Victor Oreskovich.
10:34 of 2nd period - Shot Misses the Net.
10:38 of 2nd period - Snap shot by Dave Bolland.
10:38 of 2nd period - Shot Blocked by Bryce Lampman.
10:40 of 2nd period - Snap shot by Viktor Stalberg.
10:40 of 2nd period - Goal by Viktor Stalberg - Bruins : 3 - Blues : 4.
10:41 of 2nd period - Jeff Carter wins face-off versus Travis Zajac in neutral zone.
10:46 of 2nd period - Slapshot by Wojtek Wolski.
10:46 of 2nd period - Shot Misses the Net.
10:48 of 2nd period - Minor Penalty to Brian Lee for Tripping.
10:49 of 2nd period - Dave Bolland wins face-off versus Nik Antropov in Blues zone.
11:24 of 2nd period - Snap shot by Victor Oreskovich.
11:24 of 2nd period - Stopped by Tuukka Rask with a rebound.
12:00 of 2nd period - Andrew Alberts is hit by Bryce Lampman and loses puck.
12:48 of 2nd period - Penalty to Brian Lee is over, Brian Lee is back on ice.
12:53 of 2nd period - Joe Corvo is hit by Matt Cooke and loses puck.
13:16 of 2nd period - Wrist shot by Travis Zajac.
13:16 of 2nd period - Stopped by Evgeni Nabokov with a rebound.
13:18 of 2nd period - Snap shot by Travis Zajac.
13:18 of 2nd period - Shot Misses the Net.
14:05 of 2nd period - Off-side.
14:06 of 2nd period - Travis Zajac wins face-off versus Éric Perrin in neutral zone.
15:19 of 2nd period - Icing by Matt Hendricks.
15:20 of 2nd period - Travis Zajac wins face-off versus Matt Hendricks in Bruins zone.
15:31 of 2nd period - Slapshot by Scott Hartnell.
15:31 of 2nd period - Goal by Scott Hartnell - Bruins : 4 - Blues : 4.
15:32 of 2nd period - Wojtek Wolski wins face-off versus Nik Antropov in neutral zone.
15:39 of 2nd period - Snap shot by Vitali Yachmenev.
15:39 of 2nd period - Stopped by Tuukka Rask with a rebound.
15:48 of 2nd period - Minor Penalty to Michael Frolik for High sticking.
15:49 of 2nd period - Dave Bolland wins face-off versus Nik Antropov in Blues zone.
16:11 of 2nd period - Minor Penalty to Sergei Shirokov for Interference.
16:12 of 2nd period - Nik Antropov wins face-off versus Dave Bolland in Blues zone.
16:20 of 2nd period - Icing by Wojtek Wolski.
16:21 of 2nd period - Dave Bolland wins face-off versus Nik Antropov in Bruins zone.
17:03 of 2nd period - Slapshot by Andrew Alberts.
17:03 of 2nd period - Stopped by Tuukka Rask without a rebound.
17:04 of 2nd period - Paul Kariya wins face-off versus Jeff Carter in Blues zone.
17:10 of 2nd period - Off-side.
17:11 of 2nd period - Jeff Carter wins face-off versus Nik Antropov in neutral zone.
17:48 of 2nd period - Penalty to Michael Frolik is over, Michael Frolik is back on ice.
18:11 of 2nd period - Penalty to Sergei Shirokov is over, Sergei Shirokov is back on ice.
18:33 of 2nd period - Slapshot by Marian Hossa.
18:33 of 2nd period - Stopped by Evgeni Nabokov without a rebound.
18:34 of 2nd period - Andrew Cogliano wins face-off versus Jeff Carter in Bruins zone.
18:47 of 2nd period - Snap shot by Sergei Shirokov.
18:47 of 2nd period - Stopped by Evgeni Nabokov with a rebound.
18:49 of 2nd period - Wrist shot by Marcel Hossa.
18:49 of 2nd period - Shot Misses the Net.
Goals for this period are 2 for Bruins vs 1 for Blues.
Shots for this period are 13 for Bruins vs 12 for Blues.
3rd period
0:01 of 3rd period - Jeff Carter wins face-off versus Travis Zajac in neutral zone.
0:08 of 3rd period - Snap shot by Wojtek Wolski.
0:08 of 3rd period - Shot Misses the Net.
0:10 of 3rd period - Slapshot by Vitali Yachmenev.
0:10 of 3rd period - Shot Misses the Net.
0:12 of 3rd period - Wrist shot by Jeff Carter.
0:12 of 3rd period - Deflect By Vitali Yachmenev.
0:12 of 3rd period - Shot Misses the Net.
0:12 of 3rd period - Puck is out of play.
0:13 of 3rd period - Jeff Carter wins face-off versus Travis Zajac in Blues zone.
0:24 of 3rd period - Snap shot by Paul Kariya.
0:24 of 3rd period - Stopped by Evgeni Nabokov with a rebound.
0:26 of 3rd period - Wrist shot by Marian Hossa.
0:26 of 3rd period - Shot Blocked by Vitali Yachmenev.
0:36 of 3rd period - Minor Penalty to Jason Demers for Roughing.
0:37 of 3rd period - Nik Antropov wins face-off versus Matt Hendricks in Bruins zone.
1:08 of 3rd period - Dave Bolland is hit by Joe Corvo and loses puck.
1:13 of 3rd period - Snap shot by Michael Frolik.
1:13 of 3rd period - Shot Misses the Net.
1:41 of 3rd period - Wrist shot by Dave Bolland.
1:41 of 3rd period - Stopped by Tuukka Rask without a rebound.
1:42 of 3rd period - Nik Antropov wins face-off versus Dave Bolland in Blues zone.
2:36 of 3rd period - Penalty to Jason Demers is over, Jason Demers is back on ice.
2:46 of 3rd period - Snap shot by Sergei Shirokov.
2:46 of 3rd period - Stopped by Evgeni Nabokov without a rebound.
2:47 of 3rd period - Andrew Cogliano wins face-off versus Dave Bolland in Bruins zone.
2:48 of 3rd period - Wrist shot by Marcel Hossa.
2:48 of 3rd period - Shot Blocked by Jason Demers.
2:50 of 3rd period - Slapshot by Sergei Shirokov.
2:50 of 3rd period - Stopped by Evgeni Nabokov with a rebound.
3:15 of 3rd period - Minor Penalty to Jeff Carter for Tripping.
3:16 of 3rd period - Nik Antropov wins face-off versus Matt Hendricks in Bruins zone.
3:23 of 3rd period - Wrist shot by Nik Antropov.
3:23 of 3rd period - Shot Misses the Net.
3:25 of 3rd period - Slapshot by Joe Corvo.
3:25 of 3rd period - Shot Misses the Net.
3:29 of 3rd period - Wrist shot by Nik Antropov.
3:29 of 3rd period - Stopped by Evgeni Nabokov with a rebound.
3:31 of 3rd period - Snap shot by Paul Kariya.
3:31 of 3rd period - Stopped by Evgeni Nabokov without a rebound.
3:32 of 3rd period - Marian Hossa wins face-off versus Matt Hendricks in Bruins zone.
3:41 of 3rd period - Slapshot by Marian Hossa.
3:41 of 3rd period - Goal by Marian Hossa - Bruins : 4 - Blues : 5.
3:42 of 3rd period - Jeff Carter wins face-off versus Nik Antropov in neutral zone.
4:28 of 3rd period - Victor Oreskovich is hit by Erik Rasmussen.
4:38 of 3rd period - Dave Bolland is hit by Joe Corvo.
4:58 of 3rd period - Snap shot by Wojtek Wolski.
4:58 of 3rd period - Stopped by Tuukka Rask without a rebound.
4:59 of 3rd period - Jeff Carter wins face-off versus Travis Zajac in Blues zone.
5:02 of 3rd period - Wrist shot by Jeff Carter.
5:02 of 3rd period - Shot Blocked by Drew Fata.
5:04 of 3rd period - Minor Penalty to Paul Kariya for Roughing.
5:05 of 3rd period - Nik Antropov wins face-off versus Dave Bolland in Blues zone.
6:55 of 3rd period - Bryce Lampman is hit by Victor Oreskovich.
7:04 of 3rd period - Penalty to Paul Kariya is over, Paul Kariya is back on ice.
7:40 of 3rd period - Slapshot by Erik Rasmussen.
7:40 of 3rd period - Deflect By Nigel Dawes.
7:40 of 3rd period - Shot Misses the Net.
7:40 of 3rd period - Puck is out of play.
7:41 of 3rd period - Matt Hendricks wins face-off versus Andrew Cogliano in Bruins zone.
9:05 of 3rd period - Minor Penalty to Dan Boyle for Hooking.
9:06 of 3rd period - Nik Antropov wins face-off versus Dave Bolland in Blues zone.
9:12 of 3rd period - Icing by Vitali Yachmenev.
9:13 of 3rd period - Nik Antropov wins face-off versus Dave Bolland in Bruins zone.
9:47 of 3rd period - Snap shot by Jeff Carter.
9:47 of 3rd period - Deflect By Scott Hartnell.
9:47 of 3rd period - Stopped by Tuukka Rask with a rebound.
10:03 of 3rd period - Wojtek Wolski is hit by Sergei Shirokov and loses puck.
11:05 of 3rd period - Penalty to Dan Boyle is over, Dan Boyle is back on ice.
11:17 of 3rd period - Off-side.
11:18 of 3rd period - Marian Hossa wins face-off versus Éric Perrin in neutral zone.
11:33 of 3rd period - Slapshot by Marian Hossa.
11:33 of 3rd period - Shot Misses the Net.
11:35 of 3rd period - Slapshot by Dan Boyle.
11:35 of 3rd period - Shot Blocked by Matt Cooke.
11:51 of 3rd period - Snap shot by David Perron.
11:51 of 3rd period - Shot Misses the Net.
12:48 of 3rd period - Slapshot by Éric Perrin.
12:48 of 3rd period - Shot Misses the Net.
12:50 of 3rd period - Slapshot by Jason Demers.
12:50 of 3rd period - Stopped by Tuukka Rask with a rebound.
12:52 of 3rd period - Backhand shot by Jason Demers.
12:52 of 3rd period - Stopped by Tuukka Rask with a rebound.
12:54 of 3rd period - Slapshot by Andrew Alberts.
12:54 of 3rd period - Deflect By Matt Cooke.
12:54 of 3rd period - Stopped by Tuukka Rask without a rebound.
12:55 of 3rd period - Dave Bolland wins face-off versus Nik Antropov in Blues zone.
12:58 of 3rd period - Snap shot by Viktor Stalberg.
12:58 of 3rd period - Stopped by Tuukka Rask with a rebound.
13:20 of 3rd period - Paul Kariya is hit by Wojtek Wolski and loses puck.
13:48 of 3rd period - Icing by Bryce Lampman.
13:49 of 3rd period - Matt Hendricks wins face-off versus Andrew Cogliano in Blues zone.
13:52 of 3rd period - Backhand shot by Scott Hartnell.
13:52 of 3rd period - Shot Blocked by Andrew Cogliano.
14:01 of 3rd period - Off-side.
14:02 of 3rd period - Jeff Carter wins face-off versus Travis Zajac in neutral zone.
14:06 of 3rd period - Minor Penalty to Paul Kariya for High sticking.
14:07 of 3rd period - Dave Bolland wins face-off versus Nik Antropov in Blues zone.
14:19 of 3rd period - Wrist shot by Vitali Yachmenev.
14:19 of 3rd period - Stopped by Tuukka Rask without a rebound.
14:20 of 3rd period - Dave Bolland wins face-off versus Nik Antropov in Blues zone.
14:35 of 3rd period - Slapshot by Vitali Yachmenev.
14:35 of 3rd period - Goal by Vitali Yachmenev - Bruins : 5 - Blues : 5.
14:36 of 3rd period - Jeff Carter wins face-off versus Nik Antropov in neutral zone.
14:49 of 3rd period - Vitali Yachmenev is hit by Dan Boyle and loses puck.
14:59 of 3rd period - Icing by Jeff Carter.
15:00 of 3rd period - Jeff Carter wins face-off versus Travis Zajac in Bruins zone.
15:17 of 3rd period - Snap shot by Paul Kariya.
15:17 of 3rd period - Stopped by Evgeni Nabokov with a rebound.
15:37 of 3rd period - Wrist shot by Scott Hartnell.
15:37 of 3rd period - Deflect By Matt Hendricks.
15:37 of 3rd period - Stopped by Tuukka Rask with a rebound.
15:47 of 3rd period - Snap shot by Jeff Carter.
15:47 of 3rd period - Deflect By Wojtek Wolski.
15:47 of 3rd period - Stopped by Tuukka Rask without a rebound.
15:48 of 3rd period - Nik Antropov wins face-off versus Jeff Carter in Blues zone.
15:57 of 3rd period - Slapshot by Bryce Lampman.
15:57 of 3rd period - Shot Misses the Net.
16:01 of 3rd period - Snap shot by Michael Frolik.
16:01 of 3rd period - Shot Misses the Net.
17:02 of 3rd period - Snap shot by Jeff Carter.
17:02 of 3rd period - Deflect By Marian Hossa.
17:02 of 3rd period - Shot Misses the Net.
17:02 of 3rd period - Puck is out of play.
17:03 of 3rd period - Andrew Cogliano wins face-off versus Jeff Carter in Blues zone.
17:03 of 3rd period - Andrew Cogliano is hit by Jeff Carter.
17:17 of 3rd period - Wrist shot by Vitali Yachmenev.
17:17 of 3rd period - Stopped by Tuukka Rask with a rebound.
17:26 of 3rd period - Minor Penalty to Marcel Hossa for Hooking.
17:27 of 3rd period - Dave Bolland wins face-off versus Nik Antropov in Blues zone.
17:29 of 3rd period - Snap shot by Wojtek Wolski.
17:29 of 3rd period - Shot Misses the Net.
19:26 of 3rd period - Penalty to Marcel Hossa is over, Marcel Hossa is back on ice.
19:41 of 3rd period - Minor Penalty to Dainius Zubrus for Hooking.
19:42 of 3rd period - Matt Hendricks wins face-off versus Nik Antropov in Bruins zone.
Goals for this period are 1 for Bruins vs 1 for Blues.
Shots for this period are 12 for Bruins vs 7 for Blues.
Overtime #1
0:01 of 1st overtime period - Travis Zajac wins face-off versus Matt Hendricks in neutral zone.
1:05 of 1st overtime period - Marian Hossa is hit by Jason Demers and loses puck.
1:41 of 1st overtime period - Penalty to Dainius Zubrus is over, Dainius Zubrus is back on ice.
1:53 of 1st overtime period - Wrist shot by Dainius Zubrus.
1:53 of 1st overtime period - Stopped by Tuukka Rask without a rebound.
1:54 of 1st overtime period - Dave Bolland wins face-off versus Travis Zajac in Blues zone.
2:21 of 1st overtime period - Dave Bolland is hit by David Perron and loses puck.
2:50 of 1st overtime period - Snap shot by Jeff Carter.
2:50 of 1st overtime period - Shot Blocked by Joe Corvo.
2:52 of 1st overtime period - Snap shot by Matt Hendricks.
2:52 of 1st overtime period - Stopped by Tuukka Rask with a rebound.
4:08 of 1st overtime period - Paul Kariya is hit by Mark Stuart.
4:38 of 1st overtime period - Slapshot by Kevin Shattenkirk.
4:38 of 1st overtime period - Stopped by Evgeni Nabokov with a rebound.
4:40 of 1st overtime period - Snap shot by Kevin Shattenkirk.
4:40 of 1st overtime period - Stopped by Evgeni Nabokov with a rebound.
4:42 of 1st overtime period - Snap shot by Nik Antropov.
4:42 of 1st overtime period - Stopped by Evgeni Nabokov without a rebound.
4:43 of 1st overtime period - Nik Antropov wins face-off versus Dave Bolland in Bruins zone.
4:54 of 1st overtime period - Snap shot by Marian Hossa.
4:54 of 1st overtime period - Stopped by Evgeni Nabokov with a rebound.
4:56 of 1st overtime period - Slapshot by Kevin Shattenkirk.
4:56 of 1st overtime period - Deflect By Nik Antropov.
4:56 of 1st overtime period - Shot Misses the Net.
4:56 of 1st overtime period - Puck is out of play.
4:57 of 1st overtime period - Dave Bolland wins face-off versus Travis Zajac in Bruins zone.
Goals for this period are 0 for Bruins vs 0 for Blues.
Shots for this period are 2 for Bruins vs 4 for Blues.
ShootOut
5:00 of 1st overtime period - Penalty Shot by Matt Hendricks for Bruins.
5:00 of 1st overtime period - Wrist shot by Matt Hendricks.
5:00 of 1st overtime period - Stopped by Tuukka Rask.
5:00 of 1st overtime period - Penalty Shot by David Perron for Blues.
5:00 of 1st overtime period - Wrist shot by David Perron.
5:00 of 1st overtime period - Shot Misses the Net.
5:00 of 1st overtime period - Penalty Shot by Wojtek Wolski for Bruins.
5:00 of 1st overtime period - Wrist shot by Wojtek Wolski.
5:00 of 1st overtime period - Goal by Wojtek Wolski.
5:00 of 1st overtime period - Penalty Shot by Michael Frolik for Blues.
5:00 of 1st overtime period - Snap shot by Michael Frolik.
5:00 of 1st overtime period - Goal by Michael Frolik.
5:00 of 1st overtime period - Penalty Shot by Viktor Stalberg for Bruins.
5:00 of 1st overtime period - Deke by Viktor Stalberg.
5:00 of 1st overtime period - Stopped by Tuukka Rask.
5:00 of 1st overtime period - Penalty Shot by Marian Hossa for Blues.
5:00 of 1st overtime period - Backhand shot by Marian Hossa.
5:00 of 1st overtime period - Stopped by Evgeni Nabokov.
5:00 of 1st overtime period - Penalty Shot by Jeff Carter for Bruins.
5:00 of 1st overtime period - Wrist shot by Jeff Carter.
5:00 of 1st overtime period - Stopped by Tuukka Rask.
5:00 of 1st overtime period - Penalty Shot by Nik Antropov for Blues.
5:00 of 1st overtime period - Wrist shot by Nik Antropov.
5:00 of 1st overtime period - Goal by Nik Antropov.
Output by the SimonT Hockey Simulator (STHS) for François Prévost -- Original Page W3C XHTML 1.0 Valid